 Dungeon Crawl Stone Soup version 0.25.1-2-g60ff931df9 (webtiles) character file.

Game seed: 3343038475084586160

18 gruber the Ruffian (level 2, -2/25 HPs)
             Began as a Naga Transmuter on Oct 17, 2020.
             Killed from afar by Sigmund (5 damage)
             ... with a puff of flame
             ... on level 2 of the Dungeon.
             The game lasted 00:00:52 (1405 turns).

gruber the Ruffian (Naga Transmuter)                Turns: 1405, Time: 00:00:52

Health: -2/25      AC:  1    Str: 12    XL:     2   Next: 66%
Magic:  5/5        EV: 10    Int: 13    God:
Gold:   97         SH:  0    Dex: 11    Spells: 4/5 levels left

rFire    + . .     SeeInvis +     - Unarmed
rCold    . . .     Gourm    .   (no shield)
rNeg     . . .     Faith    .   b - +0 robe
rPois    +         Spirit   .   (no helmet)
rElec    .         Reflect  .   (no cloak)
rCorr    .         Harm     .   (no gloves)
MR       .....                  (no barding)
Stlth    +.........             (no amulet)
HPRegen  0.08/turn              j - ring of protection from fire
MPRegen  0.09/turn              (no ring)

@: short of breath, appendage (expiring), very slow
A: large, horns 2, see invisible, deformed body, poison resistance, slowness 2,
slow metabolism 1, spit poison 1, AC +0
a: Spit Poison, End Transformation


You were on level 2 of the Dungeon.
You were not hungry.
You had grown temporary horns.
You visited 1 branch of the dungeon, and saw 2 of its levels.

You collected 97 gold pieces.

Inventory:

Missiles
 a - 27 arrows
Armour
 b - a +0 robe (worn)
Jewellery
 j - a ring of protection from fire (left hand)
Scrolls
 c - 2 scrolls of identify {unknown}
 g - a scroll of remove curse {unknown}
 h - a scroll of immolation {unknown}
Potions
 e - a potion of magic {unknown}
 f - a potion of heal wounds {unknown}
 i - a potion of cancellation {unknown}
 k - a potion of haste {unknown}
Comestibles
 d - 4 rations


   Skills:
 - Level 1.0 Fighting
 - Level 1.5 Dodging
 + Level 3.9 Unarmed Combat
 - Level 2.0 Spellcasting
 - Level 2.0 Transmutations


You had 4 spell levels left.
You knew the following spells:

 Your Spells              Type           Power        Failure   Level  Hunger
a - Beastly Appendage     Tmut           #.....       11%         1    ##.....

Your spell library contained the following spells:

 Spells                   Type           Power        Failure   Level  Hunger
 Sticks to Snakes         Tmut           #.......     17%         2    ###....
 Spider Form              Tmut/Pois      #.........   45%         3    ####...
 Ice Form                 Ice/Tmut       #.......     86%         4    #####..
 Blade Hands              Tmut           #.........   97%         5    ######.


Dungeon Overview and Level Annotations

Branches:
Dungeon (2/15)

Altars:

Annotations:
D:2 Sigmund


Innate Abilities, Weirdness & Mutations

You cannot wear boots.
Your serpentine skin is tough. (AC +0)
You have supernaturally acute eyesight. (SInv)
Armour fits poorly on your strangely shaped body.
Your system is resistant to poisons. (rPois)
You cover ground very slowly.
You have a slow metabolism.
You can spit poison.
You have a pair of horns on your head.


Message History

Sigmund is heavily wounded.
Sigmund looks more healthy.
Sigmund barely misses you.
You closely miss Sigmund.
Sigmund is heavily wounded.
You closely miss Sigmund.
Sigmund is heavily wounded.
Sigmund drinks a potion.
Sigmund is healed!
You closely miss Sigmund.
Sigmund is moderately wounded.
Sigmund hits you with a +0 scythe.
* * * LOW HITPOINT WARNING * * *
You hit Sigmund.
Sigmund is heavily wounded.
You have got your breath back.
Press: ? - help, Shift-Dir - straight line, f/p - Sigmund
Aim: Sigmund, wielding a +0 scythe, wearing a +0 robe and carrying a wand of digging (6) (heavily wounded)
The splash of poison misses Sigmund.
You feel slightly more hungry. Sigmund casts a spell at you.
The puff of flame hits you. You resist.
You die...

.....##.........#...######
................'...'.....
................#...######
###+#...........#...#
#...........#.....
#....####+###.......
#.........# ##......
#+#.....##### .......
.......@# ...####
#.......@# #####
#.>....... .....
#.......... .####
#######..... #......
######## #


You could see Sigmund.

Vanquished Creatures
  2 leopard geckos
  3 hobgoblins
  A ball python (D:2)
  2 bats (D:2)
  3 frilled lizards
  4 kobolds
  A rat (D:1)
16 creatures vanquished.

Notes
Turn   | Place    | Note
-------+----------+-------------------------------------------
     0 | D:1      | gruber the Naga Transmuter began the quest for the Orb.
     0 | D:1      | Reached XP level 1. HP: 18/18 MP: 3/3
   391 | D:1      | Reached XP level 2. HP: 14/25 MP: 5/5
   699 | D:1      | You fall into a shaft and drop 1 floor!
  1390 | D:2      | Noticed Sigmund
  1405 | D:2      | Killed from afar by Sigmund

Illustrated notes

Levels and vault maps discovered:
D:1:      mrwooster_arrival_statue, layout_loops_cross,
          minmay_misc_feat_four_crosses
D:2:      layout_basic, first_ration, hangedman_decor_push, roderic_lattice_a,
          uniq_sigmund

Action                   || total
-------------------------++-------
Melee: Unarmed           ||    52
       Headbutt          ||     2
       Punch             ||     1
 Cast: Beastly Appendage ||     1
 Abil: Spit Poison       ||     7
 Stab: Sleeping          ||     1
  Eat: Chunk             ||     1
Dodge: Dodged            ||    25
